Map: Jagannatha LE

Players

XxXxXxXxXxXx

  • Race: Protoss Protoss
  • League: Diamond

Eleven - Winner!

  • Race: Terran Terran
  • League: Diamond

VOD

Have the link to the VOD?

Description

Time

  • Played on: April 29, 2021, 9:38 p.m.
  • Length: 12:39
Show
View Real Time Build Order
Export as new Build Order

XxXxXxXxXxXx Protoss 

Build Orders:  

Get SALT Encoding   

  12  0:00  Probe  
  13  0:12  Probe  
  14  0:17  Pylon  
  14  0:25  Probe (Chrono Boost)  
  15  0:37  Probe (Chrono Boost)  
  15  0:40  Gateway  
  16  0:46  Assimilator  
  16  0:47  Probe (Chrono Boost)  
  17  0:58  Probe  
  18  1:10  Probe  
  19  1:22  Probe  
  20  1:27  Pylon  
  20  1:34  Probe  
  21  1:40  Cybernetics Core  
  21  1:46  Probe  
  22  1:47  Assimilator  
  22  1:58  Probe  
  23  2:06  Nexus  
  23  2:10  Probe  
  23  2:14  Stalker (Chrono Boost)  
  24  2:19  Warp Gate  
  24  2:22  Probe  
  27  2:32  Assimilator  
  27  2:34  Probe  
  28  2:38  Pylon  
  28  2:46  Probe  
  31  3:03  Stalker (Chrono Boost)  
  31  3:06  Robotics Facility  
  31  3:08  Probe  
  32  3:18  Probe (Chrono Boost)  
  33  3:26  Probe (Chrono Boost)  
  35  3:29  Probe (Chrono Boost)  
  35  3:33  Probe x2 (Chrono Boost)  
  37  3:44  Probe  
  37  3:45  Probe  
  39  3:54  Observer  
  40  3:56  Probe  
  40  3:57  Probe  
  42  4:03  Assimilator  
  42  4:05  Pylon  
  42  4:08  Probe  
  42  4:09  Probe  
  42  4:18  Observer  
  42  4:22  Twilight Council  
  43  4:25  Gateway  
  43  4:27  Gateway  
  43  4:29  Gateway  
  43  4:33  Gateway  
  43  4:35  Stalker  
  43  4:36  Probe, Gateway  
  43  4:38  Probe  
  47  4:39  Pylon  
  47  4:42  Observer  
  48  4:47  Pylon  
  48  4:48  Probe  
  48  4:50  Probe  
  50  4:53  Blink (Chrono Boost)  
  50  5:01  Pylon, Probe  
  50  5:02  Probe  
  52  5:10  Gateway  
  52  5:11  Gateway  
  52  5:13  Probe  
  53  5:14  Probe  
  53  5:15  Stalker  
  56  5:25  Probe  
  56  5:26  Forge  
  57  5:29  Forge  
  57  5:30  Observer  
  57  5:33  Stalker  
  60  5:36  Stalker  
  60  5:39  Stalker  
  64  5:45  Stalker  
  64  5:48  Sentry  
  68  5:56  Stalker x2  
  72  6:00  Protoss Ground Weapons Level 1 (Chrono Boost)  
  72  6:02  Protoss Ground Armor Level 1 (Chrono Boost)  
  72  6:08  Stalker x2  
  76  6:17  Shield Battery x2  
  76  6:24  Charge (Chrono Boost)  
  76  6:27  Stalker x2  
  76  6:28  Stalker  
  82  6:37  Stalker  
  82  6:38  Stalker x2  
  78  6:50  Stalker x3  
  78  6:53  Observer (Chrono Boost)  
  79  7:00  Stalker x2  
  83  7:07  Observer (Chrono Boost)  
  84  7:11  Observer  
  84  7:18  Probe x2  
  84  7:25  Nexus  
  84  7:28  Pylon  
  72  7:30  Probe  
  72  7:32  Observer  
  72  7:35  Stalker x4  
  81  7:44  Probe x2  
  83  7:54  Assimilator  
  83  7:56  Probe x2  
  85  8:08  Probe x2  
  87  8:16  Zealot x3  
  87  8:17  Pylon  
  92  8:20  Templar Archives, Probe x2  
  92  8:25  Assimilator  
  92  8:26  Dark Shrine  
  88  8:32  Probe  
  88  8:33  Probe  
  80  8:35  Zealot x3  
  80  8:40  Observer (Chrono Boost)  
  82  8:45  Stalker x2, Probe  
  88  8:49  Stalker  
  88  8:50  Stalker x2  
  88  8:54  Observer (Chrono Boost)  
  94  8:56  Photon Cannon  
  86  9:26  Stalker x4  
  86  9:37  Zealot  
  86  9:38  Zealot x3  
  74  9:54  Zealot x2  
  74  9:55  Zealot x2  
  76  10:05  Zealot x4  
  74  10:16  Zealot x3  
  74  10:17  Zealot  
  80  10:24  Psionic Storm  
  80  10:26  Nexus  
  80  10:41  Gateway  
  80  10:42  Gateway  
  80  10:44  Gateway x2  
  80  10:46  Gateway  
  80  10:49  Gateway x2  
  80  10:51  Gateway  
  80  10:53  Stalker  
  80  10:54  Stalker x3  
  88  10:57  Observer  
  88  10:59  Shield Battery  
  88  11:01  Pylon  
  86  11:09  Warp Prism  
  88  11:26  Sentry x3  
  88  11:29  Zealot x3  
  88  11:30  Zealot  
  72  11:56  Stalker x3  
  72  11:57  Stalker x4  
  74  12:21  Nexus  
Show
View Real Time Build Order
Export as new Build Order

Eleven Terran - Winner!

Build Orders: 2 Factory 

Get SALT Encoding   

  12  0:00  SCV  
  13  0:13  SCV  
  14  0:17  Supply Depot  
  14  0:25  SCV  
  15  0:39  SCV  
  15  0:42  Refinery  
  16  0:45  Barracks  
  16  0:51  SCV  
  17  1:03  SCV  
  18  1:15  SCV  
  19  1:31  SCV  
  20  1:41  Reaper  
  21  1:47  Command Center  
  21  1:48  Orbital Command  
  21  2:04  Supply Depot  
  21  2:09  Refinery  
  21  2:15  SCV  
  21  2:18  Marine  
  23  2:31  Factory  
  23  2:34  SCV  
  23  2:56  SCV  
  24  3:03  Orbital Command, Barracks Tech Lab  
  23  3:08  SCV  
  24  3:20  SCV  
  24  3:22  Factory  
  25  3:28  SCV  
  25  3:31  Barracks Tech Lab  
  25  3:32  Mag-Field Accelerator, Cyclone  
  29  3:37  SCV  
  29  3:54  SCV  
  30  3:56  SCV  
  32  4:03  Factory  
  31  4:11  Barracks Reactor  
  30  4:20  Cyclone  
  33  4:28  SCV x2  
  35  4:33  Refinery  
  35  4:36  Supply Depot  
  35  4:40  SCV x2  
  40  4:45  Cyclone  
  40  4:52  SCV x2  
  41  4:55  Refinery  
  42  5:04  SCV  
  42  5:05  SCV  
  44  5:08  Factory  
  44  5:10  Widow Mine x2  
  48  5:15  Barracks Tech Lab  
  48  5:20  Supply Depot  
  48  5:23  SCV  
  48  5:24  SCV  
  48  5:25  Supply Depot  
  50  5:30  Cyclone  
  50  5:35  SCV  
  54  5:42  Cyclone, Supply Depot, SCV  
  58  5:47  Supply Depot  
  58  5:49  Widow Mine x2, Command Center  
  62  6:02  Cyclone  
  62  6:04  Factory  
  65  6:13  Armory  
  65  6:26  SCV x2  
  65  6:31  Supply Depot  
  67  6:38  SCV x2  
  64  6:50  Widow Mine x2, Cyclone  
  64  6:51  Cyclone x2  
  77  6:58  Factory Tech Lab  
  77  7:02  Factory  
  77  7:06  Drilling Claws  
  77  7:11  SCV x2  
  79  7:20  Refinery  
  73  7:23  SCV x2  
  73  7:29  Widow Mine x2, Cyclone  
  76  7:33  Cyclone  
  76  7:35  SCV  
  70  7:45  Cyclone  
  70  7:47  SCV x2  
  70  7:49  Orbital Command  
  75  7:59  SCV x2  
  75  8:01  Cyclone  
  75  8:02  Widow Mine x2  
  75  8:03  Refinery  
  84  8:11  SCV x2  
  86  8:18  Cyclone x2  
  92  8:33  Cyclone  
  93  8:38  Widow Mine x2  
  93  8:40  Factory Tech Lab  
  97  8:44  Terran Vehicle And Ship Armor Level 1, Factory  
  97  8:46  SCV x3  
  97  8:47  Armory  
  100  8:53  Command Center  
  100  8:58  SCV x3  
  100  8:59  Cyclone x2  
  109  9:16  SCV x3  
  106  9:28  SCV  
  106  9:30  Widow Mine  
  109  9:34  Widow Mine  
  108  9:41  Cyclone  
  108  9:44  Cyclone  
  109  9:46  Widow Mine  
  109  9:47  Cyclone  
  109  9:48  Cyclone  
  109  9:51  Widow Mine  
  109  9:56  Widow Mine  
  109  10:26  Widow Mine x2, Cyclone  
  109  10:27  Cyclone x4  
  122  10:38  Factory Reactor  
  122  10:39  Supply Depot  
  122  10:40  Supply Depot  
  122  10:43  Factory  
  122  10:52  Supply Depot  
  122  11:05  Widow Mine x2, Cyclone x3  
  122  11:06  Cyclone  
  138  11:14  Cyclone  
  141  11:21  Widow Mine x2  
  145  11:26  Widow Mine  
  147  11:37  Cyclone  
  138  11:56  Widow Mine x2  
  138  11:57  Widow Mine x2  
  148  12:26  Supply Depot  
  148  12:29  Supply Depot x2  
  148  12:33  Supply Depot  
Tags
 
Add a new tag
Caveats
  • Supply blocks, unpowered buildings, or Contaminate may cause inaccurate times.
  • Supply counts are checked every 10 seconds.